 Dungeon Crawl Stone Soup version 0.28-a0-845-gfc338a8e3c (webtiles) character file.

Game seed: 12846720874866573424

344 Gargoyl the Skirmisher (level 6, -1/53 HPs)
             Began as a Gnoll Abyssal Knight on Nov 13, 2021.
             Was a Believer of Lugonu.
             Slain by an ufetubus (3 damage)
             ... summoned by Eustachio
             ... on level 4 of the Dungeon.
             The game lasted 00:04:20 (3881 turns).

Gargoyl the Skirmisher (Gnoll Abyssal Knight)       Turns: 3881, Time: 00:04:21

Health: -1/53      AC: 13    Str: 14    XL:     6   Next: 58%
Magic:  9/9        EV:  4    Int: 10    God:    Lugonu [**....]
Gold:   36         SH:  7    Dex: 12    Spells: 9/9 levels left

rFire   . . .      SeeInvis .   a - +2 hand axe
rCold   . . .      Faith    .   f - +0 kite shield
rNeg    + . .      Spirit   .   m - +0 chain mail
rPois   .          Reflect  .   d - +0 helmet
rElec   .          Harm     .   i - +1 cloak
rCorr   .          Rampage  .   (no gloves)
Will    .....                   (no boots)
Stlth   ..........              (no amulet)
HPRegen 0.17/turn               c - ring of flight
MPRegen 0.11/turn               g - ring of positive energy

@: flying
A: fangs 1, strong nose, distributed training
a: Renounce Religion, Depart the Abyss, Bend Space


You were on level 4 of the Dungeon.
You worshipped Lugonu.
Lugonu was pleased with you.
You visited 1 branch of the dungeon, and saw 4 of its levels.
You visited the Abyss 1 time.

You collected 75 gold pieces.
You spent 39 gold pieces at shops.

Inventory:

Hand Weapons
 a - a +2 hand axe (weapon)
 e - a +0 spear of flaming
Armour
 d - a +0 helmet (worn)
 f - a +0 kite shield (worn)
 i - a +1 cloak (worn)
 m - a +0 chain mail (worn)
Jewellery
 c - a ring of flight (left hand)
 g - a ring of positive energy (right hand)
Scrolls
 b - 2 scrolls of teleportation
 j - a scroll of noise {unknown}
 k - a scroll of immolation {unknown}


   Skills:
 + Level 6.8 Fighting
 + Level 2.0 Short Blades
 + Level 2.0 Long Blades
 + Level 5.0 Axes
 + Level 2.0 Maces & Flails
 + Level 2.0 Polearms
 + Level 2.0 Staves
 + Level 2.0 Slings
 + Level 2.0 Bows
 + Level 2.0 Crossbows
 + Level 2.0 Throwing
 + Level 5.0 Armour
 + Level 3.3 Dodging
 + Level 2.0 Stealth
 + Level 2.0 Shields
 + Level 2.0 Unarmed Combat
 + Level 2.0 Spellcasting
 + Level 1.6 Conjurations
 + Level 1.6 Hexes
 + Level 1.6 Summonings
 + Level 1.6 Necromancy
 + Level 1.6 Translocations
 + Level 1.6 Transmutations
 + Level 1.6 Fire Magic
 + Level 1.6 Ice Magic
 + Level 1.6 Air Magic
 + Level 1.6 Earth Magic
 + Level 1.6 Poison Magic
 + Level 5.1 Invocations
 + Level 2.0 Evocations


You had 9 spell levels left.
You didn't know any spells.
Your spell library contained the following spells:

 Spells                   Type           Power      Damage    Failure   Level
 Beastly Appendage        Tmut           8%         N/A       100%        1
 Summon Small Mammal      Summ           16%        N/A       100%        1
 Wereblood                Tmut           4%         N/A       100%        2
 Call Canine Familiar     Summ           4%         N/A       100%        3
 Spider Form              Tmut/Pois      4%         N/A       100%        3
 Summon Guardian Golem    Hex/Summ       4%         N/A       100%        3


Dungeon Overview and Level Annotations

Branches:
Dungeon (4/15)
 Temple: D:4-7

Altars:
Dithmenos
Gozag
Uskayaw
Vehumet

Shops:
D:3 *

Annotations:
D:4 Eustachio


Innate Abilities, Weirdness & Mutations

You have very sharp teeth.
Your uncanny sense of smell can sniff out nearby items.
Your experience applies equally to all skills.


Message History

You hit the rat.
You kill the rat!
The rat's corpse disappears in a puff of smoke!
You barely miss the quokka. You hit the river rat but do no damage.
The bat hits you but does no damage. You block the river rat's attack.
The quokka bites you but does no damage.
The crimson imp blinks!
You block the ufetubus's attack.
The ufetubus hits you but does no damage.
The river rat twitches its whiskers.
You block the ufetubus's attack. The ufetubus hits you.
* * * LOW HITPOINT WARNING * * *
The quokka bites you but does no damage.
Unknown command.
You barely miss Eustachio.
Eustachio is severely wounded.
You hit the quokka. You barely miss the ufetubus. You hit the bat.
You kill the bat!
The bat's corpse disappears in a puff of smoke!
The ufetubus hits you but does no damage. x2
You block Eustachio's attack. The ufetubus hits you.
* * * LOW HITPOINT WARNING * * *
The ufetubus hits you but does no damage.
The quokka bites you but does no damage.
The river rat bites you.
* * * LOW HITPOINT WARNING * * *
Eustachio casts a spell.
You barely miss Eustachio. You bite Eustachio, but do no damage.
Eustachio is severely wounded.
You closely miss the ufetubus. You closely miss the quokka.
You hit the river rat. You completely miss the bat.
The river rat disappears in a puff of smoke!
The bat hits you but does no damage.
The ufetubus hits you but does no damage.
The ufetubus hits you.
* * * LOW HITPOINT WARNING * * *
The quokka bites you.
* * * LOW HITPOINT WARNING * * *
The ufetubus hits you but does no damage.
The ufetubus hits you.
You die...

≈≈≈≈≈≈≈....=...### ..# #
.......§...##### #### #
.............#### . #
..|...##........###.# ###
#..#................. #.. ##
#..#.............# #.. #.#
#..............#..### #.##
#.# ###.........r5§#.....
...###.# #.........§@..r###
##..##...
............b@...............
..............r....###.#.##..
######............5....#.##..
###.....................
#......#....#.....<.>#
#......##...........##
.......##...###....##∆ ###.
#.)...#


You could see Eustachio, a crimson imp (summoned), a river rat (summoned), an
ufetubus (summoned), a quokka (summoned), a bat (summoned) and a rat (summoned).

Vanquished Creatures
  A scorpion (D:4)
  A hound (D:4)
  An iguana (D:3)
  Natasha (twice) (D:2)
  An orc wizard (D:3)
  Terence (D:2)
  Robin (D:2)
  4 adders
  A white imp (Abyss:1)
  A worm (D:3)
  A dart slug (D:3)
  8 orcs
  3 endoplasms
  A giant cockroach (D:2)
  11 hobgoblins
  2 quokkas
  A ball python (D:1)
  5 bats
  A frilled lizard (D:1)
  11 goblins
  4 kobolds (D:1)
  6 rats
68 creatures vanquished.

Notes
Turn   | Place    | Note
-------+----------+-------------------------------------------
     0 | Abyss:1  | Gargoyl the Gnoll Abyssal Knight began the quest for the
                  | Orb.
     0 | Abyss:1  | Reached XP level 1. HP: 23/23 MP: 3/3
    48 | Abyss:1  | Reached XP level 2. HP: 15/29 MP: 5/5
    55 | Abyss:1  | Noticed a large abomination
   164 | Abyss:1  | Noticed a thrashing horror
   200 | Abyss:1  | Noticed a small abomination
   206 | D:1      | Escaped the Abyss
   323 | D:1      | Reached * piety under Lugonu
   645 | D:1      | Reached XP level 3. HP: 35/35 MP: 6/6
   651 | D:1      | Found a faded altar of an unknown god.
  1336 | D:2      | Noticed Robin
  1348 | D:2      | Reached skill level 1 in Short Blades
  1348 | D:2      | Reached skill level 1 in Long Blades
  1348 | D:2      | Reached skill level 1 in Maces & Flails
  1348 | D:2      | Reached skill level 1 in Polearms
  1348 | D:2      | Reached skill level 1 in Staves
  1348 | D:2      | Reached skill level 1 in Slings
  1348 | D:2      | Reached skill level 1 in Bows
  1348 | D:2      | Reached skill level 1 in Crossbows
  1348 | D:2      | Reached skill level 1 in Throwing
  1348 | D:2      | Reached skill level 1 in Stealth
  1348 | D:2      | Reached skill level 1 in Shields
  1348 | D:2      | Reached skill level 1 in Unarmed Combat
  1348 | D:2      | Reached skill level 1 in Spellcasting
  1348 | D:2      | Reached skill level 1 in Evocations
  1352 | D:2      | Killed Robin
  1353 | D:2      | Reached XP level 4. HP: 5/41 MP: 7/7
  1745 | D:2      | Reached ** piety under Lugonu
  1900 | D:2      | Noticed Natasha
  1904 | D:2      | Killed Natasha
  1905 | D:2      | Reached skill level 1 in Conjurations
  1905 | D:2      | Reached skill level 1 in Hexes
  1905 | D:2      | Reached skill level 1 in Summonings
  1905 | D:2      | Reached skill level 1 in Necromancy
  1905 | D:2      | Reached skill level 1 in Translocations
  1905 | D:2      | Reached skill level 1 in Transmutations
  1905 | D:2      | Reached skill level 1 in Fire Magic
  1905 | D:2      | Reached skill level 1 in Ice Magic
  1905 | D:2      | Reached skill level 1 in Air Magic
  1905 | D:2      | Reached skill level 1 in Earth Magic
  1905 | D:2      | Reached skill level 1 in Poison Magic
  2017 | D:2      | Noticed Natasha
  2021 | D:2      | Killed Natasha
  2022 | D:2      | Reached XP level 5. HP: 47/47 MP: 8/8
  2060 | D:2      | Noticed Terence
  2079 | D:2      | Killed Terence
  2264 | D:3      | Found a hide-covered altar of Uskayaw.
  2276 | D:3      | Found Elaixu's General Store.
  2299 | D:3      | Bought a scroll of teleportation for 39 gold pieces
  2607 | D:3      | Found a radiant altar of Vehumet.
  2854 | D:3      | Found a shadowy altar of Dithmenos.
  3163 | D:4      | Reached skill level 5 in Invocations
  3175 | D:4      | Reached XP level 6. HP: 28/53 MP: 9/9
  3628 | D:4      | Reached skill level 5 in Axes
  3628 | D:4      | Reached skill level 5 in Armour
  3821 | D:4      | Noticed Eustachio
  3840 | D:4      | Found an opulent altar of Gozag.
  3881 | D:4      | HP: 2/53 [quokka[Eustachio] (3)]
  3881 | D:4      | Slain by an ufetubus

Illustrated notes

Levels and vault maps discovered:
D:1:      wander_arrival_desolate, layout_rooms,
          hellmonk_ecumenical_altar_leap_of_faith
D:2:      layout_loops_ring, wad_orctagon, uniq_terence, uniq_robin,
          uniq_natasha
D:3:      layout_loops_cross, nicolae_uskayaw_dance_hall,
          nicolae_overflow_hidden_temple,
          nicolae_dithmenos_through_a_glass_darkly, serial_shops, shop
D:4:      layout_rooms, mainiacjoe_overflow_brackets, lemuel_round_altar,
          mainiacjoe_overflow_alcove_4, nicolae_inconvenience_store,
          grunt_ministairs_8, minmay_fountain_box, uniq_eustachio

Skill      XL: |  1  2  3  4  5  6 |
---------------+-------------------+-----
Short Blades   | 1 2 |  2.0
Long Blades    | 1 2 |  2.0
Maces & Flails | 1 2 |  2.0
Polearms       | 1 2 |  2.0
Staves         | 1 2 |  2.0
Slings         | 1 2 |  2.0
Bows           | 1 2 |  2.0
Crossbows      | 1 2 |  2.0
Throwing       | 1 2 |  2.0
Stealth        | 1 2 |  2.0
Shields        | 1 2 |  2.0
Unarmed Combat | 1 2 |  2.0
Spellcasting   | 1 2 |  2.0
Evocations     | 1 2 |  2.0
Conjurations   | 1 |  1.6
Hexes          | 1 |  1.6
Summonings     | 1 |  1.6
Necromancy     | 1 |  1.6
Translocations | 1 |  1.6
Transmutations | 1 |  1.6
Fire Magic     | 1 |  1.6
Ice Magic      | 1 |  1.6
Air Magic      | 1 |  1.6
Earth Magic    | 1 |  1.6
Poison Magic   | 1 |  1.6
Dodging        | 3 |  3.3
Invocations    | 5 |  5.1
Axes           | 5 |  5.0
Armour         | 5 |  5.0
Fighting       | |  6.8

Action                   |  1- 3 |  4- 6 || total
-------------------------+-------+-------++-------
Melee: Hand axe          |    72 |   170 ||   242
       Bite              |     4 |    10 ||    14
       Spear             |       |     3 ||     3
Invok: Depart the Abyss  |     1 |       ||     1
  Use: Scroll            |     1 |       ||     1
       Potion            |     3 |     3 ||     6
Armor: Leather armour    |    17 |       ||    17
       Scale mail        |    16 |    25 ||    41
       Chain mail        |       |   133 ||   133
       Skin              |       |    40 ||    40
Dodge: Dodged            |    56 |    56 ||   112
Block: Kite shield       |    11 |   117 ||   128

Table legend: (Time is in decaauts)
 A = Elapsed time spent in this place.
 B = Non-inter-level travel time spent in this place.
 C = Inter-level travel time spent in this place.
 D = Time resting spent in this place.
 E = Time spent auto-exploring this place.
 F = Levels seen in this place.
 G = Mean time per level.
                   A        B        C        D        E       F      G
               +--------+--------+--------+--------+--------+-----+--------+
         Total |   3954 |   3816 |    138 |    541 |   2452 |   5 |  790.8 |
       Dungeon |   3747 |   3609 |    138 |    512 |   2309 |   4 |  936.8 |
         Abyss |    207 |    207 |      0 |     29 |    143 |   1 |  207.0 |
               +--------+--------+--------+--------+--------+-----+--------+

Top non-repeatable levels by time:
     D:2: 1717 daAuts
     D:3: 990 daAuts
     D:1: 664 daAuts
     D:4: 374 daAuts
 Abyss:1: 207 daAuts
